 Dungeon Crawl Stone Soup version 0.20.1-1-g8b1a95d (webtiles) character file.

189 pepi55 the Chopper (level 5, 0/47 HPs)
             Began as a Minotaur Berserker on Oct 12, 2017.
             Was a Believer of Trog.
             Killed by divine providence
             ... invoked by an orc priest
              (17 damage)
             ... on level 3 of the Dungeon.
             The game lasted 00:10:48 (2243 turns).

pepi55 the Chopper (Minotaur Berserker)             Turns: 2243, Time: 00:10:49

Health: 0/47       AC:  2    Str: 23    XL:     5   Next: 40%
Magic:  4/4        EV:  8    Int:  4    God:    Trog [**....]
Gold:   115        SH: 13    Dex:  9    Spells: 4/4 levels left

rFire    . . .     SeeInvis .   a - +0 hand axe
rCold    . . .     Gourm    .   j - +0 large shield
rNeg     . . .     Faith    .   u - +0 animal skin
rPois    .         Spirit   .   (helmet restricted)
rElec    .         Reflect  .   (no cloak)
rCorr    .         Harm     .   (no gloves)
MR       ++...                  (no boots)
Stlth    +.........             (no amulet)
Regen    1.2/turn               (no ring)
MPRegen  0.1/turn               (no ring)

@: lethally poisoned (0 -> 0), regenerating
A: retaliatory headbutt, horns 2
a: Berserk, Trog's Hand, Burn Spellbooks, Renounce Religion


You were on level 3 of the Dungeon.
You worshipped Trog.
Trog was pleased with you.
You were not hungry.

You visited 1 branch of the dungeon, and saw 3 of its levels.

You collected 115 gold pieces.

Inventory:

Hand Weapons
 a - a +0 hand axe (weapon)
 b - a +0 hunting sling
Armour
 j - a +0 large shield (worn)
 u - a +0 animal skin (worn)
Jewellery
 l - an uncursed ring of see invisible {unknown}
Scrolls
 c - a scroll of remove curse {unknown}
 f - 2 scrolls of teleportation {unknown}
 h - a scroll of random uselessness {unknown}
 i - a scroll of amnesia {unknown}
 k - 2 scrolls of identify {unknown}
 o - a scroll of magic mapping {unknown}
 p - a scroll of fear {unknown}
Potions
 d - a potion of lignification {unknown}
 e - a potion of curing
 g - a potion of brilliance {unknown}
 m - a potion of might {unknown}
 n - a potion of haste {unknown}
 q - 2 potions of mutation {unknown}
 r - a potion of agility {unknown}
 s - a potion of degeneration {unknown}
 w - a potion of berserk rage {unknown}
Comestibles
 t - 3 chunks of flesh
 v - 3 fruits


   Skills:
 + Level 4.7 Fighting
 * Level 5.8 Axes
 - Level 2.6 Armour
 - Level 2.5 Dodging
 + Level 2.4 Shields


You had 4 spell levels left.
You didn't know any spells.

Dungeon Overview and Level Annotations

Branches:
Dungeon (3/15)

Altars:

Annotations:
D:3 mimosa's ghost, amateur HOBe


Innate Abilities, Weirdness & Mutations

You reflexively headbutt those who attack you in melee.
You have a pair of horns on your head.


Message History

You feel sick. You block the adder's attack.
An orc priest comes into view.
The orc priest shouts!
You block the adder's attack.
A giant cockroach comes into view.
You feel sick.
An orc comes into view. It is wielding a flail.
You block the adder's attack.
Mimosa's ghost (amateur Hill Orc Berserker) comes into view.
Mimosa's ghost turns its malevolent gaze towards you.
You feel sick. The adder bites you but does no damage.
The orc priest invokes the aid of Beogh against you.
Beogh smites you!
There is a stone staircase leading down here.
The adder barely misses you. You furiously retaliate!
You headbutt the adder!
You kill the adder!
Trog accepts your kill.
The orc priest mumbles some strange prayers to Beogh against you.
Beogh smites you!
You die...

...#.# #.# #.#
#.#.#######.# #.#
######...........# #.#
.................# #.#
#####.....W#####.# #.#
#(..##.# #.# #.#
#####...##.# #.# #.#
...#......#####.## #.#
#.#..o.s..o.@...# #.#
#....#.#######..###.#
#.o..#..............#
..%.o...##########..#####
#.####.## #..# #.# #..#
#.# ...# #.# ##.## ...
#.#


You could see 2 orc priests and a giant cockroach.

Vanquished Creatures
  Natasha (thrice) (D:2)
  4 adders
  2 worms (D:2)
  3 dart slugs
  4 leopard geckos
  3 orcs (D:3)
  2 giant cockroaches
  5 goblins
  4 hobgoblins
  6 jackals
  3 quokkas
  2 ball pythons (D:1)
  5 bats
  4 frilled lizards
  6 kobolds
  5 rats
61 creatures vanquished.

Notes
Turn   | Place    | Note
-------+----------+-------------------------------------------
     0 | D:1      | pepi55 the Minotaur Berserker began the quest for the Orb.
     0 | D:1      | Reached XP level 1. HP: 19/19 MP: 0/0
    97 | D:1      | Reached XP level 2. HP: 21/27 MP: 1/1
   102 | D:1      | Reached skill level 4 in Axes
   581 | D:2      | Reached XP level 3. HP: 18/33 MP: 2/2
   673 | D:2      | Reached ** piety under Trog
   802 | D:2      | Noticed Natasha
   810 | D:2      | Killed Natasha
   810 | D:2      | Reached skill level 1 in Shields
  1099 | D:2      | Reached XP level 4. HP: 39/40 MP: 3/3
  1140 | D:2      | Noticed Natasha
  1152 | D:2      | Killed Natasha
  1152 | D:2      | Reached skill level 5 in Axes
  1284 | D:2      | Noticed Natasha
  1304 | D:2      | Killed Natasha
  1738 | D:2      | Reached XP level 5. HP: 42/47 MP: 4/4
  2239 | D:3      | Noticed mimosa's ghost (amateur HOBe)
  2243 | D:3      | Killed from afar by an orc priest

Skill      XL: |  1  2  3  4 |
---------------+-------------+-----
Axes           | 4 5 |  5.8
Fighting       | 4 |  4.7
Shields        | 1 2 |  2.4
Armour         | |  2.6
Dodging        | |  2.5

Action                   |  1- 3 |  4- 6 || total
-------------------------+-------+-------++-------
Melee: Hand axe          |    74 |   120 ||   194
       Headbutt          |    12 |    19 ||    31
Invok: Trog's Hand       |     1 |     3 ||     4
  Eat: Bread ration      |     1 |     1 ||     2
Armor: Animal skin       |    11 |    13 ||    24
Dodge: Dodged            |    31 |    33 ||    64
Block: Large shield      |    21 |    74 ||    95
